cohdb
Replays
Latest Replays
All Replays
Popular Replays
Top Player Replays
Match Explorer
How It Works
Community
CoH3 Stats
Reddit
Sign in to upload your games and track your stats! →
Sign in with Steam
Match 38252331
Unlisted
Match 38252331
Overview
Messages
Build Orders
End
Construct Barracks
Riflemen Squad
Riflemen Squad
Riflemen Squad
Infantry Support Center
Selects Advanced Infantry Battlegroup
Selects Convert to Ranger Squad
Construct Medical Station
Convert to Ranger Squad
Grenade Package
Advanced Logistics
Construct Weapon Support Center
Selects Designate Assault Position
Bazooka Squad
Bazooka Squad
Ranger Squad
Selects Ranger Weapon Training
Microsoft Outlook
deadsadbadmad
Pablo12GR
Vinterkorge
0
0
Comments
sign in to comment!
No comments posted yet!